 Dungeon Crawl Stone Soup version 0.21-a0-401-g0b6bec4 (webtiles) character file.

49 graki42 the Shield-Bearer (level 3, -7/23 HPs)
             Began as a Gargoyle Fighter on Oct 25, 2017.
             Was an Initiate of the Shining One.
             Killed by divine providence
             ... invoked by an orc priest
              (14 damage)
             ... on level 2 of the Dungeon.
             The game lasted 00:02:01 (1267 turns).

graki42 the Shield-Bearer (Gargoyle Fighter)        Turns: 1267, Time: 00:02:02

Health: -7/23      AC: 10    Str: 20    XL:     3   Next: 77%
Magic:  0/3        EV:  7    Int:  8    God:    the Shining One [......]
Gold:   75         SH:  9    Dex:  9    Spells: 2/2 levels left

rFire    . . .     SeeInvis .   a - +0 flail
rCold    . . .     Gourm    .   c - +0 shield
rNeg     + . .     Faith    .   b - +0 scale mail
rPois    ∞         Spirit   +   (no helmet)
rElec    +         Reflect  .   (no cloak)
rCorr    .         Harm     .   (no gloves)
MR       .....     Rnd*Tele +   (no boots)
Stlth    ..........             l - amulet of guardian spirit
HPRegen  0.07/turn              h - ring of teleportation (curse)
MPRegen  0.08/turn              (no ring)

@: glowing
A: negative energy resistance 1, electricity resistance, unbreathing,
petrification resistance, rot immunity, AC +3
a: Renounce Religion


You were on level 2 of the Dungeon.
You worshipped the Shining One.
The Shining One was noncommittal.
You were not hungry.

You visited 1 branch of the dungeon, and saw 2 of its levels.

You collected 75 gold pieces.

Inventory:

Hand Weapons
 a - a +0 flail (weapon)
Armour
 b - a +0 scale mail (worn)
 c - a +0 shield (worn)
Jewellery
 h - a cursed ring of teleportation (left hand)
 l - an amulet of guardian spirit (around neck)
Scrolls
 g - 2 scrolls of teleportation {unknown}
 i - 7 scrolls of identify {unknown}
 j - 2 scrolls of recharging {unknown}
 k - 2 scrolls of remove curse {unknown}
 n - a scroll of fog {unknown}
Potions
 d - a potion of might
 e - 2 potions of lignification {unknown}
Comestibles
 f - 2 bread rations
 m - 2 royal jellies


   Skills:
 + Level 3.6 Fighting
 + Level 2.8 Maces & Flails
 + Level 3.5 Armour
 + Level 0.9 Dodging
 + Level 0.3 Stealth
 + Level 3.6 Shields


You had 2 spell levels left.
You didn't know any spells.

Dungeon Overview and Level Annotations

Branches:
Dungeon (2/15)

Altars:
The Shining One


Innate Abilities, Weirdness & Mutations

You are resistant to torment.
Your stone body is resilient. (AC +3)
You are immune to poison.
You resist negative energy. (rN+)
You are resistant to electric shocks. (rElec)
You can survive without breathing.
You are immune to petrification.
You are immune to rotting.


Message History

The orc wizard gestures wildly while chanting.
The orc wizard seems to speed up.
You bump into the rock wall.
The orc priest begins to cast a cantrip, but forgets the words!
You're too confused to move!
The orc priest hits you but does no damage.
The orc wizard casts a spell.
The orc wizard flickers and vanishes!
You bump into the rock wall.
The orc priest begins to cast a cantrip, but forgets the words!
You're too confused to move!
The orc priest closely misses you.
You bump into the rock wall.
You feel less confused.
The orc priest invokes the aid of Beogh against you.
Beogh smites you!
The orc priest casts a cantrip, but nothing happens.
The orc priest invokes the aid of Beogh against you.
Beogh smites you!
Ouch! That really hurt!
You die...

#.####.#...........###.....
#...........#..............
##..###...####......##......
#...# #...# #......#......#
#######...# #......#.......
#......# #..)...o.(.....
#.....<## #......##......
#.......#######..##......
#.....#.@..o..{o###......
#.....#.....##### #...###
########...## ##### #...#
#...# #...# #...# #####


You could see an orc priest and an orc.

Vanquished Creatures
  An adder (D:2)
  4 dart slugs (D:1)
  2 leopard geckos
  5 goblins
  6 hobgoblins
  2 jackals (D:1)
  3 ball pythons (D:1)
  5 bats (D:1)
  A kobold (D:2)
  2 rats
31 creatures vanquished.

Notes
Turn   | Place    | Note
-------+----------+-------------------------------------------
     0 | D:1      | graki42 the Gargoyle Fighter began the quest for the Orb.
     0 | D:1      | Reached XP level 1. HP: 14/14 MP: 1/1
   210 | D:1      | Reached XP level 2. HP: 17/19 MP: 2/2
   407 | D:1      | Reached XP level 3. HP: 22/23 MP: 3/3
  1065 | D:2      | Found a glowing golden altar of the Shining One.
  1072 | D:2      | Became a worshipper of the Shining One
  1267 | D:2      | Killed from afar by an orc priest

Vault maps used:
D:1:      saegor_arrival_simple_b
D:2:      cheibrodos_pilgrimage, tso_altar, kennysheep_slug_shrine,
          minmay_tetromino_s4

Action                   || total
-------------------------++-------
Melee: Flail             ||   120
  Eat: Chunk             ||     1
Armor: Scale mail        ||    71
Dodge: Dodged            ||    38
Block: Shield            ||    61

Table legend:
 A = Spawn XP
 B = Non-spawn XP
 C = Spawn XP percentage of total XP
 D = Spawn monster count
 E = Non-spawn monster count
 F = Spawn count percentage of total count
 G = Total turns spent on level
                    A         B        C        D         E        F      G
               +---------+---------+-------+---------+---------+-------+---------
         Total |       0 |      71 |   0.0 |       0 |      31 |   0.0 |  1267
               +---------+---------+-------+---------+---------+-------+---------
           D:1 |       0 |      47 |   0.0 |       0 |      24 |   0.0 |   965
           D:2 |       0 |      24 |   0.0 |       0 |       7 |   0.0 |   302
               +---------+---------+-------+---------+---------+-------+---------
